Map: Ever Dream LE

Players

Hønsking

  • Race: Zerg Zerg
  • League: Master
  • Spawn Location: 1:00

A.I. 1 (Very Easy) - Winner!

  • Race: Terran Terran
  • Spawn Location: 7:00

VOD

Have the link to the VOD?

Description

Time

  • Played on: April 22, 2020, 6:53 a.m.
  • Length: 4:07
Show
View Real Time Build Order
Export as new Build Order

Hønsking Zerg 

Build Orders: Hatch First 

Get SALT Encoding   

  12  0:01  Drone  
  13  0:12  Overlord  
  13  0:18  Drone  
  14  0:31  Drone x2  
  16  0:49  Hatchery  
  15  0:51  Drone  
  15  0:56  Drone  
  17  0:59  Drone  
  18  1:10  Extractor  
  17  1:15  Spawning Pool  
  17  1:18  Drone  
  17  1:21  Drone  
  18  1:28  Drone  
  19  1:43  Overlord  
  19  2:02  Queen x2  
  19  2:03  Zergling x4  
  25  2:09  Drone  
  25  2:11  Drone  
  25  2:12  Drone  
  25  2:14  Metabolic Boost  
  28  2:32  Hatchery  
  27  2:42  Baneling Nest  
  27  2:43  Overlord  
  26  2:45  Drone  
  26  2:49  Drone  
  28  2:52  Drone  
  28  2:54  Drone  
  28  2:56  Drone  
  31  2:59  Drone  
  32  3:06  Drone x2  
  32  3:10  Drone  
  35  3:13  Overlord  
  35  3:15  Drone  
  35  3:17  Drone  
  37  3:21  Drone  
  37  3:23  Zergling x4  
  37  3:25  Zergling x2  
  41  3:30  Overlord  
  41  3:31  Drone  
  42  3:41  Baneling x3  
  42  3:42  Baneling  
  42  3:43  Drone  
  42  3:46  Extractor  
  42  3:52  Roach Warren  
  42  3:54  Evolution Chamber  
  40  4:02  Evolution Chamber  
Show
View Real Time Build Order
Export as new Build Order

A.I. 1 (Very Easy) Terran - Winner!

Build Orders:  

Get SALT Encoding   

  12  0:00  SCV  
  13  0:13  SCV  
  14  0:18  Supply Depot  
  14  0:37  Refinery  
  14  0:42  Barracks  
  14  1:03  Supply Depot  
  14  1:13  SCV  
  15  1:25  SCV  
  16  1:30  Marine  
  17  1:37  SCV  
  18  1:49  SCV  
  18  1:51  Reaper  
  21  2:01  SCV  
  21  2:13  SCV  
  22  2:26  Orbital Command  
Tags
 
League
Master
Matchup
TvZ
Spawn Locations
Cross Positions
Add a new tag
Caveats
  • Supply blocks, unpowered buildings, or Contaminate may cause inaccurate times.
  • Supply counts are checked every 10 seconds.